 Dungeon Crawl Stone Soup version 0.27-a0-1139-g28e009f8a6 (webtiles) character file.

Game seed: 9655302472273881183

75 freelancePsychic the Skirmisher (level 4, -1/37 HPs)
             Began as a Palentonga Abyssal Knight on May 7, 2021.
             Was a Follower of Lugonu.
             Slain by a goblin
             ... wielding a +0 dagger
             ... led by Robin
              (3 damage)
             ... on level 2 of the Dungeon.
             The game lasted 00:02:33 (1913 turns).

freelancePsychic the Skirmisher (PaAK)              Turns: 1913, Time: 00:02:33

Health: -1/37      AC:  4    Str: 17    XL:     4   Next: 11%
Magic:  6/6        EV:  9    Int: 12    God:    Lugonu [*.....]
Gold:   46         SH:  0    Dex:  9    Spells: 3/3 levels left

rFire    . . .     SeeInvis +   a - +1 mace
rCold    . . .     Faith    .   (no shield)
rNeg     . . .     Spirit   .   b - +0 leather armour
rPois    .         Reflect  .   (no helmet)
rElec    .         Harm     .   (no cloak)
rCorr    .         Rampage  .   (no gloves)
Will     .....                  (no barding)
Stlth    +.........             (no amulet)
HPRegen  0.12/turn              (no ring)
MPRegen  0.10/turn              (no ring)

@: lethally poisoned (-1 -> -20)
A: large, rugged brown scales 3, see invisible, deformed body, roll 1, armoured
tail
a: Rolling Charge, Renounce Religion, Depart the Abyss


You were on level 2 of the Dungeon.
You worshipped Lugonu.
Lugonu was aware of your devotion.
You visited 1 branch of the dungeon, and saw 2 of its levels.
You visited the Abyss 1 time.

You collected 46 gold pieces.

Inventory:

Hand Weapons
 a - a +1 mace (weapon)
Missiles
 e - a throwing net (quivered)
 g - 4 boomerangs of dispersal
Armour
 b - a +0 leather armour (worn)
Jewellery
 j - a ring of protection from cold
Potions
 c - a potion of haste {unknown}
 d - a potion of attraction {unknown}
 f - 2 potions of curing {@q1}
 h - 2 potions of degeneration {unknown}
 i - a potion of brilliance {unknown}


   Skills:
 - Level 3.2 Fighting
 + Level 2.7 Maces & Flails
 + Level 2.1 Armour
 + Level 1.6 Dodging
 + Level 2.7 Invocations


You had 3 spell levels left.
You didn't know any spells.
Your spell library was empty.

Dungeon Overview and Level Annotations

Branches:
Dungeon (2/15)

Altars:

Annotations:
D:2 Robin


Innate Abilities, Weirdness & Mutations

You are completely covered in rugged brown scales. (AC +3, +7% HP)
You have supernaturally acute eyesight. (SInv)
Armour fits poorly on your strangely shaped body.
You can roll at nearby foes to attack.
You have a long armoured tail.


Message History

The javelin closely misses the goblin.
The javelin pierces through Robin!
Robin is heavily wounded.
You feel sick. The goblin hits you with a +0 dagger.
The goblin hits you with a +0 dagger of venom.
You are more poisoned.
The goblin hits you with a +0 dagger.
Throw: javelin
Press: ? - help, Q - select action, (/) - cycle Shift-Dir - straight line, f/p - Robin
Aim: Robin, wielding a +0 spear, wearing a +0 animal skin and wearing a +0 helmet (heavily wounded, 62% to hit)
You throw a javelin. The javelin pierces through the goblin.
You kill the goblin!
Lugonu accepts your kill.
The javelin misses the goblin.
The javelin closely misses the goblin.
The javelin pierces through Robin!
Robin is almost dead.
You feel very sick.
The goblin hits you with a +0 dagger of venom.
The goblin barely misses you.
The goblin hits you with a +0 dagger of venom.
You are lethally poisoned!
You hit the goblin.
Your tail-slap misses the goblin.
The goblin is moderately wounded.
You feel very sick. The goblin hits you but does no damage.
The goblin hits you with a +0 dagger of venom.
* * * LOW HITPOINT WARNING * * *
You are more poisoned.
The goblin misses you. The goblin barely misses you.
You closely miss the goblin.
The goblin is moderately wounded.
* * * LOW HITPOINT WARNING * * *
You feel extremely sick. The goblin hits you with a +0 dagger.
* * * LOW HITPOINT WARNING * * *
The goblin barely misses you.
Robin roars a battlecry!
The goblins go into a battle-frenzy!
The goblin hits you with a +0 dagger.
You die...

# #.### .(. #..>..# #..
###.#.#.# #). .......#
#<# ######.#...# #g#
#..........# #g## #.#
#.....# #g##.#.#
##.....#
#..####@##.#.###...#..#
#.....gg##.#.#...###..#
#...###........#####..#
... ##.##...###......#
.#.#.##.....#.#
#.###.###
.........####.# #....
..............# #.###
....########### ### ...


You could see Robin and 4 goblins.

Vanquished Creatures
  A quasit (D:1)
  2 dart slugs (D:1)
  5 ball pythons (D:1)
  2 endoplasms (D:1)
  2 giant cockroaches (D:1)
  8 goblins
  4 hobgoblins
  2 jackals (D:1)
  2 kobolds
  A quokka (D:1)
  3 bats
  A rat (D:1)
33 creatures vanquished.

Notes
Turn   | Place    | Note
-------+----------+-------------------------------------------
     0 | Abyss:1  | freelancePsychic the Palentonga Abyssal Knight began the
                  | quest for the Orb.
     0 | Abyss:1  | Reached XP level 1. HP: 19/19 MP: 2/2
     0 | Abyss:1  | Found a corrupted altar of Lugonu.
    15 | Abyss:1  | Noticed a quasit
    25 | D:1      | Escaped the Abyss
    32 | D:1      | Killed a quasit
    33 | D:1      | Reached skill level 1 in Dodging
    33 | D:1      | Reached XP level 2. HP: 10/25 MP: 3/3
    33 | D:1      | Reached XP level 3. HP: 13/31 MP: 4/4
   710 | D:1      | Found a faded altar of an unknown god.
  1905 | D:2      | Noticed Robin
  1906 | D:2      | Reached XP level 4. HP: 37/37 MP: 6/6
  1913 | D:2      | Slain by a goblin

Illustrated notes

Levels and vault maps discovered:
D:1:      dpeg_arrival_another_circle, layout_basic,
          shapermc_ecumenical_altar_starsandcircs
D:2:      wander_river, layout_basic, uniq_robin

Skill      XL: |  1  2  3 |
---------------+----------+-----
Dodging        | 1 |  1.6
Armour         | 2 |  2.1
Fighting       | |  3.2
Maces & Flails | |  2.7
Invocations    | |  2.7

Action                   |  1- 3 |  4- 6 || total
-------------------------+-------+-------++-------
Melee: Mace              |    66 |     2 ||    68
       Tailslap          |     5 |       ||     5
Throw: Javelin           |     1 |     6 ||     7
 Abil: Rolling Charge    |     7 |       ||     7
  Use: Scroll            |     3 |       ||     3
Armor: Leather armour    |    39 |     5 ||    44
Dodge: Dodged            |    51 |    11 ||    62

Table legend: (Time is in decaauts)
 A = Elapsed time spent in this place.
 B = Non-inter-level travel time spent in this place.
 C = Inter-level travel time spent in this place.
 D = Time resting spent in this place.
 E = Time spent auto-exploring this place.
 F = Levels seen in this place.
 G = Mean time per level.
                   A        B        C        D        E       F      G
               +--------+--------+--------+--------+--------+-----+--------+
         Total |   1946 |   1855 |     91 |    333 |   1314 |   3 |  648.7 |
       Dungeon |   1921 |   1830 |     91 |    333 |   1312 |   2 |  960.5 |
         Abyss |     25 |     25 |      0 |      0 |      2 |   1 |   25.0 |
               +--------+--------+--------+--------+--------+-----+--------+

Top non-repeatable levels by time:
     D:1: 1369 daAuts
     D:2: 551 daAuts
 Abyss:1: 25 daAuts
